 Dungeon Crawl Stone Soup version 0.32-a0-471-gb91d5d9764 (webtiles) character file.

Game seed: 6580158631401498119

182 mopl the Insei (level 5, -4/34 HPs)
             Began as an Octopode Shapeshifter on Feb 25, 2024.
             Slain by an iguana (7 damage)
             ... on level 4 of the Dungeon.
             The game lasted 00:02:59 (1983 turns).

mopl the Insei (Octopode Shapeshifter)              Turns: 1983, Time: 00:02:59

Health: -4/34      AC:  1    Str: 13    XL:     5   Next: 61%
Magic:  5/5        EV: 13    Int: 13    God:
Gold:   188        SH:  0    Dex: 13    Spells: 4/4 levels left

rFire   . .          .
                       - Unarmed
rCold   . . .        (no shield)
rNeg    . . .        (helmet currently unavailable)
rPois   .            (no amulet)
rElec   .            l - ring of resist corrosion
rCorr   +            (no ring)
SInv    .            (no ring)
Will    +....        (no ring)
Stlth   ++           (no ring)
HPRegen 0.25/turn    (no ring)
MPRegen 0.09/turn    (no ring)
                     (no ring)

%: no passive effects
@: lethally poisoned (-4 -> -5), beast-form, enlightened, flying
A: beast (slay +2), almost no armour, amphibious, 8 rings, camouflage 1,
gelatinous body 1, (nimble swimmer 1), tentacles
a: Begin Untransformation


You were on level 4 of the Dungeon.
You were a hulking beast.
You visited 1 branch of the dungeon, and saw 4 of its levels.

You collected 188 gold pieces.

Inventory:

Missiles
 h - 7 boomerangs (quivered)
 m - 3 poisoned darts
Jewellery
 l - a ring of resist corrosion (left tentacle)
Talismans
 b - a beast talisman (active)
 c - a flux talisman
 o - a serpent talisman
Scrolls
 d - 3 scrolls of identify {unknown}
 k - a scroll of revelation {unknown}
Potions
 a - a potion of lignification {!q}
 e - a potion of curing {unknown}
 f - 2 potions of might {unknown}
 g - 2 potions of resistance {unknown}
 i - 2 potions of enlightenment
 j - a potion of heal wounds {unknown}
 n - a potion of degeneration {unknown}


   Skills:
 + Level 2.1 Fighting
 + Level 2.7 Dodging
 * Level 4.3 Unarmed Combat
 * Level 4.1 Shapeshifting


You had 4 spell levels left.
You didn't know any spells.
Your spell library contained the following spells:

 Spells                   Type           Power      Damage    Failure   Level
 Apportation              Tloc           0%         N/A       30%         1
 Jinxbite                 Hex            0%         N/A       43%         2
 Static Discharge         Conj/Air       0%         3-3/arc   43%         2
 Airstrike                Air            0%         2d(0-16)  97%         4
 Summon Lightning Spire   Summ/Air       0%         N/A       97%         4
 Alistair's Intoxication  Alch           0%         N/A       100%        5
 Sculpt Simulacrum        Ice/Alch       0%         N/A       100%        6
 Ozocubu's Refrigeration  Ice            0%         4d7       100%        7
 Polar Vortex             Ice            0%         N/A       100%        9


Dungeon Overview and Level Annotations

Branches:
Dungeon (4/15)
 Temple: D:4-7

Altars:


Innate Abilities, Weirdness & Mutations

You are a hulking beast.
Your limbs bulge with bestial killing power. (Slay +2)
You cannot wear most types of armour.
You are amphibious.
You can wear up to eight rings at the same time.
Your skin changes colour to match your surroundings (Stealth+).
Your rubbery body absorbs attacks. (AC +1, EV +1)
((You are camouflaged when in or above water. (Stealth+)))
You have tentacles for arms and can constrict up to eight enemies at once.


Message History

A scorpion and a ball python come into view.
Found 16 gold pieces and 3 stones.
Found a stone staircase leading down.
An iguana comes into view.
The scorpion stings you.
You are poisoned.
The scorpion poisons you!
You barely miss the scorpion. Your grab misses the scorpion.
Your squeeze misses the scorpion.
You feel sick.
The iguana hisses angrily.
The scorpion barely misses you.
You tentacle-slap the scorpion. Your grab misses the scorpion.
Your tentacle-slap misses the scorpion.
You squeeze the scorpion.
The scorpion is moderately wounded.
You feel sick. The scorpion misses you.
You closely miss the scorpion. You grab the scorpion.
Your squeeze misses the scorpion.
The scorpion is moderately wounded.
You constrict the scorpion, but do no damage.
You feel sick.
The ball python hisses angrily.
The scorpion stings you!
You barely miss the scorpion. You tentacle-slap the scorpion.
You squeeze the scorpion.
The scorpion is almost dead.
You constrict the scorpion.
You feel sick. The iguana completely misses you. The scorpion stings you!
Unknown command.
You tentacle-slap the iguana. Your grab misses the iguana.
You tentacle-slap the iguana, but do no damage.
Your squeeze misses the iguana.
The iguana is lightly wounded.
You constrict the scorpion.
You kill the scorpion!
You feel sick. The iguana bites you!
* * * LOW HITPOINT WARNING * * *
Your Shapeshifting skill increases to level 4!
It was a potion of enlightenment.
You feel very buoyant.
You fly up into the air.
You feel sick. The iguana bites you!
You die...

..#.##..#......
........#......
#.....>........#..
..................
#.......#...#...#
#.S...##.........#..
##.l†.###.....# .....
.##...h##.......# ..#$.
.$...........#.#.##.#...
.(.#..$..........#......
. ##........#...#......
.....#..............#
....#.###.#####).....#
..###. #.........#####
.. ## #.........##
#.#.#.............


You could see an iguana and a ball python.

Vanquished Creatures
  A scorpion (D:4)
  A bombardier beetle (D:3)
  An adder (D:2)
  A gnoll (D:3)
  A dart slug (D:3)
  3 ribbon worms
  An orc (D:3)
  8 bats
  4 endoplasms
  3 giant cockroaches
  4 goblins
  4 hobgoblins
  6 jackals
  3 quokkas
  6 ball pythons
  2 frilled lizards
  7 kobolds
  3 rats
59 creatures vanquished.

Notes
Turn   | Place    | Note
-------+----------+-------------------------------------------
     0 | D:1      | mopl the Octopode Shapeshifter began the quest for the Orb.
     0 | D:1      | Reached XP level 1. HP: 13/13 MP: 1/1
   177 | D:1      | Reached XP level 2. HP: 18/18 MP: 2/2
   650 | D:2      | Reached XP level 3. HP: 13/23 MP: 3/3
  1318 | D:3      | Reached XP level 4. HP: 28/29 MP: 4/4
  1693 | D:3      | Reached skill level 4 in Unarmed Combat
  1774 | D:3      | Reached XP level 5. HP: 27/34 MP: 5/5
  1781 | D:3      | Reached skill level 2 in Fighting
  1888 | D:3      | Found a faded altar of an unknown god.
  1983 | D:4      | Reached skill level 4 in Shapeshifting
  1983 | D:4      | Slain by an iguana

Illustrated notes

Levels and vault maps discovered:
D:1:      scummos_arrival_checkerplants, layout_basic
D:2:      layout_basic, minmay_misc_feat_five
D:3:      layout_loops_ring, hellmonk_ecumenical_altar_inner_sanctum,
          hangedman_abyss_or_decor_stabs, minmay_checkerbox
D:4:      layout_cave_pools, hangedman_decor_lopped, uniq_ijyb,
          uniq_crazy_yiuf_cottage

Skill      XL: |  1  2  3  4  5 |
---------------+----------------+-----
Unarmed Combat | 4 |  4.3
Fighting       | 2 |  2.1
Shapeshifting  | 4 |  4.1
Dodging        | |  2.7

Action                     |  1- 3 |  4- 6 || total
---------------------------+-------+-------++-------
  Melee: Unarmed           |    77 |    41 ||   118
         Constrict         |    19 |    11 ||    30
         Tentacles         |    14 |    10 ||    24
         Punch             |     3 |     3 ||     6
    Use: Potion            |       |     1 ||     1
   Stab: Sleeping          |     7 |     5 ||    12
 Armour: Skin              |    36 |    14 ||    50
  Dodge: Dodged            |    44 |    21 ||    65

Table legend: (Time is in decaauts)
 A = Elapsed time spent in this place.
 B = Non-inter-level travel time spent in this place.
 C = Inter-level travel time spent in this place.
 D = Time resting spent in this place.
 E = Time spent auto-exploring this place.
 F = Levels seen in this place.
 G = Mean time per level.
                   A        B        C        D        E       F      G
               +--------+--------+--------+--------+--------+-----+--------+
         Total |   1975 |   1907 |     68 |    116 |   1416 |   4 |  493.8 |
       Dungeon |   1975 |   1907 |     68 |    116 |   1416 |   4 |  493.8 |
               +--------+--------+--------+--------+--------+-----+--------+

Top non-repeatable levels by time:
     D:1: 691 daAuts
     D:3: 673 daAuts
     D:2: 579 daAuts
     D:4: 31 daAuts
